3L
HARTFORD WHALERS @ WIZARDING EXPRESS
09/05/2024
 
TOP OF THE 1ST
Hartford Whalers batting - Pitching for Wizarding Express : RHP Henry Hall
Pitching: RHP Henry Hall
Batting: RHB Dave Farr 0-0: Swinging Strike
0-1: Ball
1-1: Ball
2-1: Foul Ball, location: 2F
2-2: Foul Ball, location: 2F
2-2: Ground out 3-1 (Groundball, 3L)
Batting: SHB Virgil Eberle 0-0: Called Strike
0-1: SINGLE (Groundball, 34D)
Batting: LHB Keith Spear 0-0: Called Strike
0-1: Foul Ball, location: 2F
0-2: SINGLE (Line Drive, 9LS)
Virgil Eberle to second
Batting: RHB Jake Hutchinson 0-0: Called Strike
Virgil Eberle steals 3rd base
Keith Spear to second
0-1: DOUBLE (Flyball, 78XD)
Virgil Eberle scores
Keith Spear scores
Batting: LHB Ray Merrill 0-0: Ball
1-0: Foul Ball, location: 2F
1-1: Ball
2-1: Ball
3-1: Ground out 4-3 (Groundball, 4)
Jake Hutchinson to third
Batting: RHB Harris Harden 0-0: Called Strike
0-1: Fly out, F8 (Line Drive, 8LM)
Top of the 1st over - 2 run(s), 3 hit(s), 0 error(s), 1 left on base; Hartford 2 - Wizarding 0
BOTTOM OF THE 1ST
Wizarding Express batting - Pitching for Hartford Whalers : LHP Jack King
Pitching: LHP Jack King
Batting: RHB António Martínez 0-0: Ball
1-0: Called Strike
1-1: Swinging Strike
1-2: SINGLE (Groundball, 56)
Batting: LHB Nathan Tanner 0-0: Ball
1-0: Ball
2-0: Ball
3-0: Called Strike
3-1: 2-RUN HOME RUN (Line Drive, 89XD), Distance : 377 ft
Batting: RHB Cole Shaffer 0-0: Ball
1-0: Ball
2-0: Ball
3-0: Called Strike
3-1: Base on Balls
Batting: LHB Chris Thurman 0-0: Ball
1-0: Called Strike
1-1: Foul Ball, location: 2F
1-2: Ball
Cole Shaffer steals 2nd base
2-2: Ground out 3-6 (Groundball, 3S)
Cole Shaffer to third
Batting: RHB Michael Montgomery 0-0: Ball
1-0: SINGLE (Line Drive, 9LM)
Cole Shaffer scores
Batting: LHB Júlio Valentín 0-0: Called Strike
0-1: Ground out 5-3 (Groundball, 56S)
Michael Montgomery to second
Batting: LHB Kyung-chor Pang 0-0: Called Strike
0-1: Ground out 4-3 (Groundball, 4)
Bottom of the 1st over - 3 run(s), 3 hit(s), 0 error(s), 1 left on base; Hartford 2 - Wizarding 3
TOP OF THE 2ND
Hartford Whalers batting - Pitching for Wizarding Express : RHP Henry Hall
Batting: RHB Tommy Stanley 0-0: Ball
1-0: Ball
2-0: Called Strike
2-1: SINGLE (Groundball, 4D)
Batting: RHB Juan Tapia 0-0: Called Strike
0-1: Ball
1-1: Called Strike
1-2: Strikes out swinging
Batting: RHB Jorge Rivera 0-0: Called Strike
0-1: Fly out, F4 (Popup, 6MD)
Batting: RHB Dave Farr 0-0: Ball
1-0: DOUBLE (Line Drive, 5D)
Tommy Stanley to third
Runner from 3rd tries for Home, SAFE, no throw or cutoff
Batting: SHB Virgil Eberle 0-0: Foul Ball, location: 2F
0-1: Ball
1-1: Ball
2-1: Fly out, F6 (Popup, 56)
Top of the 2nd over - 1 run(s), 2 hit(s), 0 error(s), 1 left on base; Hartford 3 - Wizarding 3
BOTTOM OF THE 2ND
Wizarding Express batting - Pitching for Hartford Whalers : LHP Jack King
Batting: LHB Rick Watson 0-0: Ball
1-0: Foul Ball, location: 2F
1-1: Called Strike
1-2: Foul Ball, location: 2F
1-2: Strikes out swinging
Batting: SHB Eugene Parrish 0-0: Swinging Strike
0-1: Ball
1-1: Called Strike
1-2: Ball
2-2: SINGLE (Line Drive, 56D)
Batting: RHB António Martínez 0-0: Ball
1-0: Foul Ball, location: 2F
1-1: Foul Ball, location: 2F
1-2: Ball
2-2: Foul Ball, location: 2F
2-2: Hit by Pitch
Eugene Parrish to second
Batting: LHB Nathan Tanner 0-0: Called Strike
0-1: Ball
1-1: Fielders Choice at 2nd, 4-6 (Groundball, 4)
Eugene Parrish to third
Batting: RHB Cole Shaffer 0-0: Ball
Nathan Tanner is caught stealing 2nd base
Bottom of the 2nd over - 0 run(s), 1 hit(s), 0 error(s), 0 left on base; Hartford 3 - Wizarding 3
TOP OF THE 3RD
Hartford Whalers batting - Pitching for Wizarding Express : RHP Henry Hall
Batting: LHB Keith Spear 0-0: Ball
1-0: Ball
2-0: Swinging Strike
2-1: Swinging Strike
2-2: Strikes out swinging
Batting: RHB Jake Hutchinson 0-0: Ball
1-0: Ball
2-0: Ground out U3 (Groundball, 3S)
Batting: LHB Ray Merrill 0-0: Foul Ball, location: 2F
0-1: Swinging Strike
0-2: Ball
1-2: Ball
2-2: Foul Ball, location: 2F
2-2: Ball
3-2: Base on Balls
Batting: RHB Harris Harden 0-0: Called Strike
0-1: Ball
1-1: Ball
2-1: Foul Ball, location: 2F
2-2: Ground out 1-3 (Groundball, 15)
Top of the 3rd over - 0 run(s), 0 hit(s), 0 error(s), 1 left on base; Hartford 3 - Wizarding 3
BOTTOM OF THE 3RD
Wizarding Express batting - Pitching for Hartford Whalers : LHP Jack King
Batting: RHB Cole Shaffer 0-0: Called Strike
0-1: Swinging Strike
0-2: Strikes out swinging
Batting: LHB Chris Thurman 0-0: Ball
1-0: Foul Ball, location: 2F
1-1: Called Strike
1-2: Ball
2-2: Foul Ball, location: 2F
2-2: Ball
3-2: Base on Balls
Batting: RHB Michael Montgomery 0-0: Called Strike
Chris Thurman steals 2nd base
0-1: Ball
1-1: Fly out, F2 (Popup, 23F)
Batting: LHB Júlio Valentín 0-0: 2-RUN HOME RUN (Flyball, 9D), Distance : 336 ft
Batting: LHB Kyung-chor Pang 0-0: Ball
1-0: Ground out 5-3 (Groundball, 56S)
Bottom of the 3rd over - 2 run(s), 1 hit(s), 0 error(s), 0 left on base; Hartford 3 - Wizarding 5
TOP OF THE 4TH
Hartford Whalers batting - Pitching for Wizarding Express : RHP Henry Hall
Batting: RHB Tommy Stanley 0-0: Foul Ball, location: 2F
0-1: Foul Ball, location: 2F
0-2: Ball
1-2: Ball
2-2: Fly out, F1 (Line Drive, 15)
Batting: RHB Juan Tapia 0-0: Called Strike
0-1: DOUBLE (Line Drive, 7LS)
Batting: RHB Jorge Rivera 0-0: Called Strike
0-1: Ball
1-1: Foul Ball, location: 2F
1-2: Foul Ball, location: 2F
1-2: Ground out 5-3 (Groundball, 15S)
Juan Tapia to third
Batting: RHB Dave Farr 0-0: Called Strike
0-1: Fly out, F4 (Line Drive, 4)
Top of the 4th over - 0 run(s), 1 hit(s), 0 error(s), 1 left on base; Hartford 3 - Wizarding 5
BOTTOM OF THE 4TH
Wizarding Express batting - Pitching for Hartford Whalers : LHP Jack King
Batting: LHB Rick Watson 0-0: Ball
1-0: Called Strike
1-1: Ball
2-1: Ball
3-1: Base on Balls
Batting: SHB Eugene Parrish 0-0: Called Strike
0-1: Foul Ball, location: 2F
0-2: Ball
1-2: Ball
2-2: Ground out 5-3 (Groundball, 56S)
Rick Watson to second
Batting: RHB António Martínez 0-0: Fly out, F8 (Flyball, 89XD)
Runner from 2nd tags up, SAFE at 3rd, no throw
Batting: LHB Nathan Tanner 0-0: Ball
1-0: Ball
2-0: Called Strike
2-1: Foul Ball, location: 2F
2-2: Fly out, F8 (Flyball, 8LXD)
Bottom of the 4th over - 0 run(s), 0 hit(s), 0 error(s), 1 left on base; Hartford 3 - Wizarding 5
TOP OF THE 5TH
Hartford Whalers batting - Pitching for Wizarding Express : RHP Henry Hall
Pitching: RHP Toshiro Saikawa
Batting: SHB Virgil Eberle 0-0: Ball
1-0: Foul Ball, location: 2F
1-1: Ball
2-1: Foul Ball, location: 2F
2-2: Strikes out swinging
Batting: LHB Keith Spear 0-0: Ball
1-0: Ball
2-0: Ball
3-0: Base on Balls
Batting: RHB Jake Hutchinson 0-0: Ball
1-0: Called Strike
1-1: Ball
2-1: SINGLE (Line Drive, 56)
Keith Spear to second
Batting: LHB Ray Merrill 0-0: Called Strike
0-1: Called Strike
0-2: Ball
1-2: Strikes out swinging
Batting: RHB Harris Harden 0-0: Called Strike
0-1: Fly out, F9 (Line Drive, 9M)
Top of the 5th over - 0 run(s), 1 hit(s), 0 error(s), 2 left on base; Hartford 3 - Wizarding 5
BOTTOM OF THE 5TH
Wizarding Express batting - Pitching for Hartford Whalers : LHP Jack King
Batting: RHB Cole Shaffer 0-0: Called Strike
0-1: Ground out 4-3 (Groundball, 4)
Batting: LHB Chris Thurman 0-0: Fly out, F8 (Flyball, 8LXD)
Batting: RHB Michael Montgomery 0-0: Called Strike
0-1: Foul Ball, location: 2F
0-2: Ball
1-2: Fly out, F8 (Flyball, 8LS)
Bottom of the 5th over - 0 run(s), 0 hit(s), 0 error(s), 0 left on base; Hartford 3 - Wizarding 5
TOP OF THE 6TH
Hartford Whalers batting - Pitching for Wizarding Express : RHP Toshiro Saikawa
Batting: RHB Tommy Stanley 0-0: Called Strike
0-1: Ball
1-1: Foul Ball, location: 2F
1-2: Ground out 5-3 (Groundball, 56S)
Batting: RHB Juan Tapia 0-0: Ball
1-0: Ground out 5-3 (Groundball, 56)
Batting: RHB Jorge Rivera 0-0: Ground out 6-3 (Groundball, 6)
Top of the 6th over - 0 run(s), 0 hit(s), 0 error(s), 0 left on base; Hartford 3 - Wizarding 5
BOTTOM OF THE 6TH
Wizarding Express batting - Pitching for Hartford Whalers : LHP Jack King
Batting: LHB Júlio Valentín 0-0: Ball
1-0: Swinging Strike
1-1: Swinging Strike
1-2: Ball
2-2: Strikes out looking
Batting: LHB Kyung-chor Pang 0-0: Called Strike
0-1: Ball
1-1: Called Strike
1-2: Ground out 1-3 (Groundball, 13S)
Batting: LHB Rick Watson 0-0: Ball
1-0: Swinging Strike
1-1: Fly out, F8 (Line Drive, 8RM)
Bottom of the 6th over - 0 run(s), 0 hit(s), 0 error(s), 0 left on base; Hartford 3 - Wizarding 5
TOP OF THE 7TH
Hartford Whalers batting - Pitching for Wizarding Express : RHP Toshiro Saikawa
Batting: RHB Dave Farr 0-0: Swinging Strike
0-1: Ground out 5-3 (Groundball, 5S)
Batting: SHB Virgil Eberle 0-0: Ball
1-0: Swinging Strike
1-1: Called Strike
1-2: Ball
2-2: Ball
3-2: Strikes out swinging
Pitching: RHP Stanley Williams
Batting: LHB Keith Spear 0-0: Called Strike
0-1: Called Strike
0-2: Foul Ball, location: 2F
0-2: Strikes out looking
Top of the 7th over - 0 run(s), 0 hit(s), 0 error(s), 0 left on base; Hartford 3 - Wizarding 5
BOTTOM OF THE 7TH
Wizarding Express batting - Pitching for Hartford Whalers : LHP Jack King
Batting: SHB Eugene Parrish 0-0: Fly out, F6 (Popup, 6)
Batting: RHB António Martínez 0-0: Ball
1-0: Foul Ball, location: 2F
1-1: Ball
2-1: Ball
3-1: Called Strike
3-2: Ground out 6-3 (Groundball, 6)
Batting: LHB Nathan Tanner 0-0: Called Strike
0-1: Ball
1-1: Ground out 6-3 (Groundball, 6)
Bottom of the 7th over - 0 run(s), 0 hit(s), 0 error(s), 0 left on base; Hartford 3 - Wizarding 5
TOP OF THE 8TH
Hartford Whalers batting - Pitching for Wizarding Express : RHP Stanley Williams
Batting: RHB Jake Hutchinson 0-0: Ball
1-0: Foul Ball, location: 2F
1-1: Called Strike
1-2: Ball
2-2: Strikes out looking
Batting: LHB Ray Merrill 0-0: Ball
1-0: Ball
2-0: Called Strike
2-1: Foul Ball, location: 2F
2-2: Ball
3-2: Foul Ball, location: 2F
3-2: Base on Balls
Pitching: RHP Francis Cahill
Batting: RHB Harris Harden 0-0: Called Strike
0-1: Ball
1-1: Ball
2-1: Called Strike
2-2: Fly out, F4 (Popup, 34D)
Batting: RHB Tommy Stanley 0-0: Called Strike
0-1: Ground out 1-3 (Groundball, 13S)
Top of the 8th over - 0 run(s), 0 hit(s), 0 error(s), 1 left on base; Hartford 3 - Wizarding 5
BOTTOM OF THE 8TH
Wizarding Express batting - Pitching for Hartford Whalers : LHP Jack King
Pitching: RHP Ryoichi Maruyama
Batting: RHB Cole Shaffer 0-0: Called Strike
0-1: Ground out 1-3 (Groundball, 13S)
Batting: LHB Chris Thurman 0-0: Swinging Strike
0-1: Ball
1-1: Ball
2-1: Ground out 4-3 (Groundball, 4M)
Batting: RHB Michael Montgomery 0-0: Called Strike
0-1: Fly out, F7 (Popup, 6D)
Bottom of the 8th over - 0 run(s), 0 hit(s), 0 error(s), 0 left on base; Hartford 3 - Wizarding 5
TOP OF THE 9TH
Hartford Whalers batting - Pitching for Wizarding Express : RHP Francis Cahill
Pitching: RHP Lou Meadows
Batting: RHB Juan Tapia 0-0: Called Strike
0-1: Ball
1-1: Foul Ball, location: 2F
1-2: Ball
2-2: Strikes out swinging
Batting: RHB Jorge Rivera 0-0: Called Strike
0-1: Swinging Strike
0-2: Ball
1-2: Foul Ball, location: 2F
1-2: Strikes out swinging
Batting: RHB Dave Farr 0-0: Ball
1-0: Called Strike
1-1: Swinging Strike
1-2: Foul Ball, location: 2F
1-2: Foul Ball, location: 2F
1-2: Foul Ball, location: 2F
1-2: Ball
2-2: Ball
3-2: Ground out 3-1 (Groundball, 34S)
Top of the 9th over - 0 run(s), 0 hit(s), 0 error(s), 0 left on base; Hartford 3 - Wizarding 5
This league is powered by Out of the Park Baseball, the baseball management simulation game for PC, Mac and Linux
Monday, October 3rd, 2016 - OOTP Baseball 16.9 Build 39